 Dungeon Crawl Stone Soup version 0.22-a0-433-gd2a9cce (webtiles) character file.

367 mortelune the Poker (level 6, -1/43 HPs)
             Began as a Merfolk Skald on May 27, 2018.
             Was a Follower of Hepliaklqana.
             Slain by Duvessa
             ... wielding a +3 rapier of venom
              (12 damage)
             ... on level 4 of the Dungeon.
             The game lasted 00:16:26 (4068 turns).

mortelune the Poker (Merfolk Skald)                 Turns: 4068, Time: 00:16:27

Health: -1/43      AC:  6    Str: 13    XL:     6   Next: 69%
Magic:  4/10       EV: 14    Int: 12    God:    Hepliaklqana [*.....]
Gold:   152        SH:  0    Dex: 14    Spells: 4/10 levels left

rFire    . . .     SeeInvis .   a - +0 spear
rCold    . . .     Gourm    .   (no shield)
rNeg     . . .     Faith    .   p - +0 leather armour (curse)
rPois    .         Spirit   .   m - +0 helmet
rElec    .         Reflect  .   (no cloak)
rCorr    .         Harm     .   (no gloves)
MR       .....                  h - +1 pair of boots
Stlth    +.........             (no amulet)
HPRegen  0.14/turn              (no ring)
MPRegen  0.12/turn              (no ring)

@: lethally poisoned (-1 -> -42), about to teleport, flying
A: change form in water, swift swim, stealthy swim, reduced essence
a: Recall Ancestor, Ancestor Identity, Renounce Religion


You were on level 4 of the Dungeon.
You worshipped Hepliaklqana.
Hepliaklqana was aware of your devotion.
You were very hungry.

You visited 1 branch of the dungeon, and saw 4 of its levels.

You collected 152 gold pieces.

Inventory:

Hand Weapons
 a - a +0 spear (weapon)
 b - a +0 hunting sling
Missiles
 f - 47 sling bullets
Armour
 h - a +1 pair of boots (worn)
 j - a +0 leather armour
 m - a +0 helmet (worn)
 p - a cursed +0 leather armour (worn)
Jewellery
 o - a cursed ring of loudness {unknown}
Scrolls
 i - 7 scrolls of identify {unknown}
 s - a scroll of teleportation
 v - 2 scrolls of remove curse {unknown}
Potions
 c - a potion of curing {unknown}
 e - a potion of cancellation
 g - a potion of degeneration {unknown}
 l - a potion of resistance {unknown}
 r - a potion of brilliance {unknown}
 u - a potion of haste {unknown}
Comestibles
 d - 9 rations


   Skills:
 + Level 4.0 Fighting
 + Level 5.3 Polearms
 - Level 0.6 Armour
 + Level 4.9 Dodging
 + Level 2.7 Spellcasting
 + Level 4.6 Charms


You had 4 spell levels left.
You knew the following spells:

 Your Spells              Type           Power        Failure   Level  Hunger
a - Infusion              Chrm           ##..         4%          1    #......
b - Song of Slaying       Chrm           ##......     8%          2    ###....
c - Shroud of Golubria    Chrm/Tloc      #.........   19%         2    ###....
d - Animate Skeleton      Necr           N/A          32%         1    #......

Your spell library contained the following spells:

 Spells                   Type           Power        Failure   Level  Hunger
 Apportation              Tloc           #.....       32%         1    #......
 Summon Small Mammal      Summ           #...         32%         1    #......
 Regeneration             Chrm/Necr      #.........   36%         3    ###....
 Confusing Touch          Hex            #.....       32%         1    #......
 Spectral Weapon          Hex/Chrm       #.......     36%         3    ###....


Dungeon Overview and Level Annotations

Branches:
Dungeon (4/15)
 Temple: D:4-7

Altars:
Dithmenos
Hepliaklqana
Makhleb
Sif Muna
Trog

Annotations:
D:3 Megalobster's ghost, amateur DrTm
D:4 Dowan; Duvessa


Message History

You are more poisoned.
Dowan hits you with a dagger. Duvessa barely misses you.
As you read the scroll labeled DUQE NUIMUN, it crumbles to dust.
It is a scroll of enchant armour.
Your +0 pair of boots glows green for a moment.
You feel very sick. Dowan completely misses you.
Duvessa hits you but does no damage.
You are more poisoned.
As you read the scroll labeled WYMPIS ARAF, it crumbles to dust.
You feel aware of your surroundings.
It was a scroll of magic mapping.
You feel very sick. Duvessa closely misses you. Dowan hits you with a dagger.
As you read the scroll labeled PAMEBI MEAC, it crumbles to dust.
You feel strangely unstable.
It was a scroll of teleportation.
You feel very sick.
Duvessa hits you with a rapier of venom.
* * * LOW HITPOINT WARNING * * *
Dowan hits you but does no damage.
Duvessa hits you with a rapier of venom!
You die...

,,,,,,,*
#...####..
,,,,,,,**
#.......[.
,,,,,,,,*
##.....####
,,,,,,,,**
##..#####
,,,,,...,*
###.###
*,,,,....**
##..##
*,,,,....,*
###..##
***,,.....*
##e.### #
**,,....#*
##@.## ###
**..##..####e###
###..
*..........##
##....
*#........##
##.....
**..#####..#
##...... **,,**
*#.## ##.......
***,,,** #..#
##........
,,,,,,,***#..#
##.........
,,,,,,,,,*#e##
##.....)....


You could see Duvessa and Dowan.

Vanquished Creatures
  Grinder (D:4)
  A hound (D:4)
  4 adders
  A worm (D:2)
  2 dart slugs (D:1)
  2 leopard geckos
  A ball python (D:1)
  5 giant cockroaches
  3 goblins (D:1)
  4 hobgoblins
  3 jackals (D:3)
  10 bats
  A frilled lizard (D:1)
  9 kobolds
  8 rats
55 creatures vanquished.

Vanquished Creatures (collateral kills)
  An iguana (D:4)
  2 adders (D:3)
  An ooze (D:3)
  A hobgoblin (D:3)
  A jackal (D:3)
  A kobold (D:3)
  2 bats (D:3)
9 creatures vanquished.

Vanquished Creatures (others)
  2 ancestors
2 creatures vanquished.

Grand Total: 66 creatures vanquished

Notes
Turn   | Place    | Note
-------+----------+-------------------------------------------
     0 | D:1      | mortelune the Merfolk Skald began the quest for the Orb.
     0 | D:1      | Reached XP level 1. HP: 16/16 MP: 3/3
   390 | D:1      | Reached XP level 2. HP: 23/23 MP: 1/5
   866 | D:1      | Reached XP level 3. HP: 28/28 MP: 6/6
  1004 | D:1      | Learned a level 2 spell: Song of Slaying
  1013 | D:1      | Learned a level 2 spell: Shroud of Golubria
  1443 | D:2      | Found a deep blue altar of Sif Muna.
  1952 | D:2      | Reached skill level 4 in Polearms
  1984 | D:2      | Found a burning altar of Makhleb.
  1990 | D:2      | Found a hazy altar of Hepliaklqana.
  1991 | D:2      | Found a bloodstained altar of Trog.
  2009 | D:2      | Became a worshipper of Hepliaklqana the Forgotten
  2120 | D:2      | Reached XP level 4. HP: 31/31 MP: 7/7
  2275 | D:2      | Found a shadowy altar of Dithmenos.
  2738 | D:3      | Noticed Megalobster's ghost (amateur DrTm)
  3096 | D:3      | Learned a level 1 spell: Animate Skeleton
  3199 | D:3      | Reached XP level 5. HP: 36/36 MP: 5/8
  3561 | D:4      | Reached * piety under Hepliaklqana
  3583 | D:4      | Noticed Grinder
  3607 | D:4      | Killed Grinder
  3607 | D:4      | Reached skill level 5 in Polearms
  3607 | D:4      | Reached XP level 6. HP: 33/43 MP: 0/9
  4037 | D:4      | Noticed Dowan
  4037 | D:4      | Noticed Duvessa
  4068 | D:4      | Slain by Duvessa

Vault maps used:
D:1:      dpeg_arrival_chase, minmay_misc_feat_roman, minmay_misc_feat_tower,
          minmay_tall_x
D:2:      lemuel_coloured_pillars_altar, grunt_temple_overflow_open,
          nicolae_overflow_crystal_walls, first_ration, supply_closet_lemuel
D:3:      nicolae_overflow_hidden_temple
D:4:      uniq_duvessa, uniq_grinder

Skill      XL: |  1  2  3  4  5  6 |
---------------+-------------------+-----
Dodging        | 3 4 |  4.9
Fighting       | 3 4 |  4.0
Polearms       | 4 5 |  5.3
Charms         | 4 |  4.6
Armour         | |  0.6
Spellcasting   | |  2.7

Action                   |  1- 3 |  4- 6 || total
-------------------------+-------+-------++-------
Melee: Spear             |   146 |   115 ||   261
 Fire: Hunting sling     |     9 |       ||     9
 Cast: Infusion          |     8 |     7 ||    15
       Song of Slaying   |     1 |     1 ||     2
       Shroud of Golubri |       |     7 ||     7
Invok: Ancestor Identity |       |     1 ||     1
       Recall Ancestor   |       |     1 ||     1
  Use: Scroll            |       |     3 ||     3
       Potion            |       |     3 ||     3
  Eat: Chunk             |     4 |     6 ||    10
Armor: Leather armour    |    70 |    37 ||   107
Dodge: Dodged            |   120 |    72 ||   192

Table legend:
 A = Spawn XP
 B = Non-spawn XP
 C = Spawn XP percentage of total XP
 D = Spawn monster count
 E = Non-spawn monster count
 F = Spawn count percentage of total count
 G = Total turns spent on level
                    A         B        C        D         E        F      G
               +---------+---------+-------+---------+---------+-------+---------
         Total |       0 |     525 |   0.0 |       0 |      64 |   0.0 |  4068
               +---------+---------+-------+---------+---------+-------+---------
           D:1 |       0 |      57 |   0.0 |       0 |      33 |   0.0 |  1440
           D:2 |       0 |      25 |   0.0 |       0 |       7 |   0.0 |  1239
           D:3 |       0 |      98 |   0.0 |       0 |      20 |   0.0 |   882
           D:4 |       0 |     345 |   0.0 |       0 |       4 |   0.0 |   507
               +---------+---------+-------+---------+---------+-------+---------
